 Dungeon Crawl Stone Soup version 0.19.0-23-gf02e663 (webtiles) character file.

182 Rrauwl the Poker (level 5, 0/41 HPs)
             Began as a Human Fighter on Nov 20, 2016.
             Slain by Grinder (4 damage)
             ... on level 4 of the Dungeon.
             The game lasted 00:16:17 (2468 turns).

Rrauwl the Poker (Human Fighter)                    Turns: 2468, Time: 00:16:18

Health: 0/41       AC:  6    Str: 11 (14) XL:     5   Next: 93%
Magic:  14/14      EV:  6    Int:  8 (10) God:
Gold:   106        SH:  8    Dex: 12      Spells: 0 memorised, 4 levels left

rFire  + . .     SeeInvis .     a - +0 trident
rCold  . . .     Gourm    .     b - +0 scale mail
rNeg   . . .     Faith    .     c - +0 shield
rPois  .         Spirit   .     p - +0 helmet
rElec  .         Reflect  .     l - +0 cloak
rCorr  .         Harm     .     (no gloves)
MR     .....                    (no boots)
Stlth  ..........               (no amulet)
                                (no ring)
                                d - ring of magical power

@: lethally poisoned (0 -> -16)
A: deformed body, fire resistance 1, weak 1
a: no special abilities


You were on level 4 of the Dungeon.
You were not hungry.

You visited 1 branch of the dungeon, and saw 4 of its levels.

You collected 106 gold pieces.

Inventory:

Hand Weapons
 a - a +0 trident (weapon)
Missiles
 k - 34 arrows
Armour
 b - a +0 scale mail (worn)
 c - a +0 shield (worn)
 l - a +0 cloak (worn)
 p - a +0 helmet (worn)
Jewellery
 d - a ring of magical power (left hand)
Wands
 r - a wand of flame (7/48)
Scrolls
 e - 2 scrolls of remove curse
 m - 2 scrolls of identify
Potions
 i - a potion of brilliance
 s - a potion of curing
Books
 o - a book of Frost

   Spells                             Type                      Level
   a - Freeze                         Ice                          1
   b - Throw Frost                    Conjuration/Ice              2
   c - Ozocubu's Armour               Charms/Ice                   3
   d - Throw Icicle                   Conjuration/Ice              4
   e - Summon Ice Beast               Ice/Summoning                4
Comestibles
 f - 2 bread rations
 g - a chunk of flesh
 h - a beef jerky
 j - 3 fruits
 n - 3 meat rations
 q - 2 royal jellies
 t - a slice of pizza


   Skills:
 - Level 3.0 Fighting
 + Level 5.6 Polearms
 - Level 3.0 Armour
 - Level 3.0 Shields


You had 4 spell levels left.
You didn't know any spells.

Dungeon Overview and Level Annotations

Branches:
Dungeon (4/15)
 Temple: D:4-7

Altars:

Annotations:
D:4 GordonOverkill's ghost, novice KoFi; Grinder


Innate Abilities, Weirdness & Mutations

Armour fits poorly on your strangely shaped body.
Your flesh is heat resistant. (rF+)
You are weak. (Str -2)


Message History

You are too injured to fight recklessly!
You hit the worker ant but do no damage.
The worker ant is severely wounded.
* * * LOW HITPOINT WARNING * * *
You feel sick. Grinder barely misses you. The worker ant bites you.
* * * LOW HITPOINT WARNING * * *
You are more poisoned.
The worker ant poisons you! Grinder completely misses you.
You hit the worker ant.
The worker ant is almost dead.
* * * LOW HITPOINT WARNING * * *
You feel sick. The worker ant bites you.
* * * LOW HITPOINT WARNING * * *
GordonOverkill's ghost shrieks, "They lied to you.
The Dungeon just goes down and down forever."
You block the worker ant's attack. Grinder barely misses you.
You closely miss the worker ant.
The worker ant is almost dead.
* * * LOW HITPOINT WARNING * * *
You feel sick. The worker ant barely misses you. Grinder hits you.
You die...

###### #....################
#####..#.#....##........# .
#...<.........5#........######
..#...W.........@aW.......'....+
.........#.......#........######
...#.....#.......#.../....#
.......#.........#(.......#
.....#...##......#........#
.....#.#.##..<...#........#
.....#.#......#...........#
.....#.#######............#
#.#..... #.....####.###


You could see Grinder, a worker ant and GordonOverkill's ghost.

Vanquished Creatures
  An iguana (D:3)
  7 adders
  An ooze (D:3)
  A worm (D:2)
  2 dart slugs
  3 leopard geckos
  2 orcs (D:3)
  A ball python (D:3)
  3 giant cockroaches
  12 goblins
  8 hobgoblins
  4 jackals (D:3)
  2 quokkas
  7 bats
  8 frilled lizards
  11 kobolds
  7 rats
80 creatures vanquished.

Notes
Turn   | Place    | Note
-------+----------+-------------------------------------------
     0 | D:1      | Rrauwl the Human Fighter began the quest for the Orb.
     0 | D:1      | Reached XP level 1. HP: 18/18 MP: 1/1
   106 | D:1      | Reached XP level 2. HP: 21/24 MP: 2/2
   206 | D:1      | Reached skill level 3 in Polearms
   388 | D:1      | Reached XP level 3. HP: 18/29 MP: 3/3
   655 | D:2      | Reached skill level 4 in Polearms
   655 | D:2      | Reached XP level 4. HP: 16/35 MP: 4/4
   679 | D:2      | Gained mutation: Armour fits poorly on your strangely shaped body. [potion of mutation]
   679 | D:2      | Gained mutation: Your flesh is heat resistant. (rF+) [potion of mutation]
   679 | D:2      | Gained mutation: You are weak. (Str -2) [potion of mutation]
   995 | D:2      | Reached XP level 5. HP: 28/41 MP: 5/5
  1398 | D:3      | Reached skill level 5 in Polearms
  2423 | D:4      | Noticed GordonOverkill's ghost (novice KoFi)
  2447 | D:4      | Noticed Grinder
  2448 | D:4      | Paralysed by Grinder for 3 turns
  2468 | D:4      | Slain by Grinder

Skill      XL: |  1  2  3  4  5 |
---------------+----------------+-----
Polearms       | 3 4 5 |  5.6
Fighting       | |  3.0
Armour         | |  3.0
Shields        | |  3.0

Action                   |  1- 3 |  4- 6 || total
-------------------------+-------+-------++-------
Melee: Trident           |   128 |   220 ||   348
Evoke: Wand              |       |     3 ||     3
  Use: Scroll            |     3 |     8 ||    11
       Potion            |     4 |     3 ||     7
  Eat: Chunk             |       |     4 ||     4
       Beef jerky        |       |     1 ||     1
Armor: Scale mail        |    61 |   105 ||   166
Dodge: Dodged            |    45 |    63 ||   108
Block: Shield            |    60 |    91 ||   151
